 Dungeon Crawl Stone Soup version 0.25-a0-949-gdd2af9e06e (webtiles) character file.

Game seed: 1283328338598534137, levelgen mode: deterministic

274 MisterFreud the Slasher (level 6, -2/43 HPs)
             Began as an Octopode Gladiator on May 8, 2020.
             Slain by Grinder (3 damage)
             ... while paralysed by Grinder
             ... on level 3 of the Dungeon.
             The game lasted 00:02:53 (2868 turns).

MisterFreud the Slasher (Octopode Gladiator)        Turns: 2868, Time: 00:02:54

Health: -2/43      AC:  1    Str: 13    XL:     6   Next: 24%
Magic:  6/6        EV:  2    Int: 13    God:
Gold:   184        SH:  0    Dex: 13    Spells: 5/5 levels left

rFire    . . .     SeeInvis .   a - +0 long sword
rCold    . . .     Gourm    .   (no shield)
rNeg     . . .     Faith    .   b - +0 hat
rPois    .         Spirit   .   (no amulet)
rElec    .         Reflect  .   (no ring)
rCorr    .         Harm     .   (no ring)
MR       .....                  (no ring)
Stlth    ++........             (no ring)
HPRegen  0.14/turn              (no ring)
MPRegen  0.10/turn              (no ring)
                                (no ring)
                                (no ring)

@: paralysed
A: almost no armour, stealthy swim, amphibious, 8 rings, constrict 8, camouflage
1, gelatinous body 1
a: no special abilities


You were on level 3 of the Dungeon.
You were not hungry.

You visited 1 branch of the dungeon, and saw 3 of its levels.

You collected 184 gold pieces.

Inventory:

Hand Weapons
 a - a +0 long sword (weapon)
Missiles
 c - 3 throwing nets (quivered)
 f - 35 stones
 g - 31 sling bullets
 i - 40 arrows
 l - 9 poisoned darts
Armour
 b - a +0 hat (worn)
Scrolls
 e - a scroll of enchant weapon {unknown}
 h - 2 scrolls of remove curse {unknown}
 j - 4 scrolls of identify {unknown}
 n - a scroll of blinking {unknown}
Potions
 m - a potion of curing {unknown}
Comestibles
 d - 6 rations
 k - 3 chunks of flesh


   Skills:
 - Level 4.0 Fighting
 + Level 5.8 Long Blades
 - Level 2.0 Throwing
 - Level 3.0 Dodging


You had 5 spell levels left.
You didn't know any spells.
Your spell library was empty.

Dungeon Overview and Level Annotations

Branches:
Dungeon (3/15)

Altars:
Gozag
Makhleb
Qazlal
Sif Muna
Trog
Xom

Annotations:
D:3 Grinder


Innate Abilities, Weirdness & Mutations

You cannot wear most types of armour.
You are very stealthy in the water. (Stealth+)
You are amphibious.
You can wear up to eight rings at the same time.
You can use your tentacles to constrict eight enemies at once.
Your skin changes colour to match your surroundings (Stealth+).
Your rubbery body absorbs attacks. (AC +1, EV +1)


Message History

You hit Grinder.
Grinder is severely wounded.
You constrict Grinder. Grinder gestures at you. Pain shoots through your body!
You hit Grinder. You squeeze Grinder, but do no damage.
Grinder is almost dead.
You constrict Grinder. Grinder gestures at you.
You suddenly lose the ability to move!
You lose your grip on Grinder.
Grinder hits you!
You writhe in agony.
* * * LOW HITPOINT WARNING * * *
Grinder hits you.
* * * LOW HITPOINT WARNING * * *
Grinder hits you.
* * * LOW HITPOINT WARNING * * *
Grinder hits you.
* * * LOW HITPOINT WARNING * * *
You writhe in agony.
You die...

.......## .?......#
......... ##.....#<.
#####. ######.......#
#..... #....#.......+
+..... +....#.......##
#.#....#####....#.........
.............5@..........
#.....#....##.#...####
#.............#....# .
#..........####...## ..
#............. ...#
...###.......###.......#
.............# ........
.............# ###..
.............# ..


You could see Grinder.

Vanquished Creatures
  Jessica (D:2)
  Terence (D:2)
  Natasha (thrice) (D:2)
  Robin (D:2)
  5 gnolls
  An adder (D:2)
  2 worms (D:2)
  4 dart slugs
  A leopard gecko (D:1)
  2 ball pythons
  5 bats
  3 giant cockroaches
  13 goblins
  6 hobgoblins
  4 jackals (D:2)
  8 kobolds
  A quokka (D:2)
  4 frilled lizards
  A leopard gecko skeleton (D:2)
  6 rats
72 creatures vanquished.

Notes
Turn   | Place    | Note
-------+----------+-------------------------------------------
     0 | D:1      | MisterFreud the Octopode Gladiator began the quest for the
                  | Orb.
     0 | D:1      | Reached XP level 1. HP: 14/14 MP: 1/1
   192 | D:1      | Reached XP level 2. HP: 20/21 MP: 2/2
   313 | D:1      | Reached XP level 3. HP: 26/26 MP: 3/3
  1446 | D:2      | Found an opulent altar of Gozag.
  1447 | D:2      | Found a bloodstained altar of Trog.
  1449 | D:2      | Found a stormy altar of Qazlal.
  1502 | D:2      | Reached XP level 4. HP: 33/33 MP: 4/4
  1546 | D:2      | Found a burning altar of Makhleb.
  1548 | D:2      | Found a shimmering altar of Xom.
  1729 | D:2      | Noticed Terence
  1730 | D:2      | Noticed Jessica
  1730 | D:2      | Noticed Robin
  1817 | D:2      | Killed Terence
  1817 | D:2      | Reached skill level 4 in Long Blades
  1817 | D:2      | Reached XP level 5. HP: 26/37 MP: 5/5
  1819 | D:2      | Killed Robin
  1826 | D:2      | Killed Jessica
  2127 | D:2      | Noticed Natasha
  2131 | D:2      | Killed Natasha
  2131 | D:2      | Reached skill level 5 in Long Blades
  2222 | D:2      | Found a shimmering blue altar of Sif Muna.
  2563 | D:2      | Noticed Natasha
  2568 | D:2      | Killed Natasha
  2568 | D:2      | Reached XP level 6. HP: 36/43 MP: 6/6
  2683 | D:2      | Noticed Natasha
  2691 | D:2      | Killed Natasha
  2843 | D:3      | Noticed Grinder
  2864 | D:3      | Paralysed by Grinder for 6 turns
  2868 | D:3      | HP: 1/43 [Grinder (4)]
  2868 | D:3      | Slain by Grinder

Levels and vault maps discovered:
D:1:      dpeg_arrival_water_fire, layout_loops_ring, minmay_misc_feat_roman,
          serial_bayou_pond_a, minmay_misc_feat_rows
D:2:      minmay_evil_eye, layout_loops_ring, nicolae_overflow_hidden_temple,
          chequers_temple_overflow_statue_of_worship, led_sif_pool,
          uniq_terence, uniq_natasha, uniq_jessica, uniq_robin
D:3:      layout_basic, gammafunk_temple_overflow_claw,
          gammafunk_temple_overflow_statue, first_ration, uniq_grinder

Skill      XL: |  1  2  3  4  5 |
---------------+----------------+-----
Fighting       | 3 4 |  4.0
Long Blades    | 4 5 |  5.8
Throwing       | |  2.0
Dodging        | |  3.0

Action                   |  1- 3 |  4- 6 || total
-------------------------+-------+-------++-------
Melee: Long sword        |    47 |    83 ||   130
       Constrict         |    15 |    29 ||    44
       Tentacles         |    10 |    18 ||    28
 Stab: Sleeping          |     2 |     4 ||     6
  Eat: Chunk             |     2 |     4 ||     6
Armor: Skin              |     3 |     3 ||     6
Dodge: Dodged            |    30 |    45 ||    75
       Rpst.: Long sword |    12 |    13 ||    25

Table legend:
 A = Non-vault XP
 B = Vault XP
 C = Vault XP percentage of total XP
 D = Non-vault monster count
 E = Vault monster count
 F = Vault count percentage of total count
                 A         B        C        D         E       F
            +---------+---------+-------+---------+---------+-------
      Total |     241 |     151 |  38.5 |      54 |      18 |  25.0
            +---------+---------+-------+---------+---------+-------
        D:1 |      75 |       0 |   0.0 |      23 |       0 |   0.0
        D:2 |     166 |     151 |  47.6 |      31 |      18 |  36.7
            +---------+---------+-------+---------+---------+-------
